 Dungeon Crawl Stone Soup version 0.26-a0-812-g31a745ddcd (webtiles) character file.

Game seed: 17437532902002752282

1497 nicanaca0 the Cudgeller (level 8, -5/51 HPs)
             Began as a Gargoyle Fighter on Nov 22, 2020.
             Was an Initiate of Okawaru.
             Slain by an orc warrior
             ... wielding a +0 glaive
              (10 damage)
             ... on level 6 of the Dungeon.
             The game lasted 00:09:00 (5807 turns).

nicanaca0 the Cudgeller (Gargoyle Fighter)          Turns: 5807, Time: 00:09:01

Health: -5/51      AC: 17    Str: 21    XL:     8   Next: 81%
Magic:  8/8        EV:  6    Int:  8    God:    Okawaru [......]
Gold:   266        SH: 10    Dex: 11    Spells: 7/7 levels left

rFire    . . .     SeeInvis .   a - +0 flail
rCold    . . .     Faith    .   c - +0 kite shield
rNeg     + . .     Spirit   .   o - +0 chain mail
rPois    ∞         Reflect  .   (no helmet)
rElec    +         Harm     .   (no cloak)
rCorr    .         Rampage  .   u - +0 pair of gloves
MR       .....                  (no boots)
Stlth    ..........             (no amulet)
HPRegen  0.17/turn              (no ring)
MPRegen  0.11/turn              (no ring)

@: no status effects
A: negative energy resistance 1, electricity resistance, unbreathing,
petrification resistance, rot immunity, AC +5
a: Renounce Religion


You were on level 6 of the Dungeon.
You worshipped Okawaru.
Okawaru was noncommittal.
You visited 1 branch of the dungeon, and saw 6 of its levels.

You collected 266 gold pieces.

Inventory:

Hand Weapons
 a - a +0 flail (weapon)
 r - a -3 dagger
 t - a +2 dagger of chaos
Missiles
 x - 2 throwing nets (quivered)
Armour
 c - a +0 kite shield (worn)
 o - a +0 chain mail (worn)
 u - a +0 pair of gloves (worn)
 C - a +0 helmet
Jewellery
 B - an uncursed ring of resist corrosion {unknown}
Wands
 w - a wand of iceblast (6)
 y - a wand of acid (14)
 D - a wand of flame (18)
Scrolls
 b - 2 scrolls of identify {@r1}
 e - 3 scrolls of immolation
 h - a scroll of magic mapping {unknown}
 i - a scroll of teleportation
 j - a scroll of silence {unknown}
 k - 2 scrolls of noise {unknown}
 l - a scroll of enchant weapon {unknown}
 m - 3 scrolls of remove curse {@r2}
 p - 4 scrolls of fear {unknown}
 v - a scroll of blinking {unknown}
 A - a scroll of amnesia {unknown}
Potions
 d - 4 potions of might
 f - a potion of cancellation
 g - 4 potions of curing {unknown}
 n - a potion of heal wounds {@q2}
 q - a potion of attraction
 s - a potion of berserk rage {unknown}
 z - a potion of magic {unknown}
 E - a potion of haste {unknown}


   Skills:
 + Level 6.2 Fighting
 * Level 7.0 Maces & Flails
 + Level 6.1 Armour
 + Level 6.1 Shields


You had 7 spell levels left.
You didn't know any spells.
Your spell library was empty.

Dungeon Overview and Level Annotations

Branches:
Dungeon (6/15)
 Temple: D:4-7

Altars:
Elyvilon
Kikubaaqudgha
Nemelex Xobeh
Okawaru
Ru
Vehumet
Xom

Annotations:
D:5 5 runed translucent doors


Innate Abilities, Weirdness & Mutations

You are resistant to torment.
Your stone body is resilient. (AC +5)
You are immune to poison.
You resist negative energy. (rN+)
You are resistant to electric shocks. (rElec)
You can survive without breathing.
You are immune to petrification.
You are immune to rotting.


Message History

The orc warrior hits you with a +0 glaive.
You hit the orc warrior but do no damage.
The orc warrior closely misses you.
You sock the orc warrior!
The orc warrior is heavily wounded.
You closely miss the orc warrior.
The orc warrior is heavily wounded.
The orc warrior hits you with a +0 glaive!
You closely miss the orc warrior.
The orc warrior is heavily wounded.
You block the orc warrior's attack.
You closely miss the orc warrior.
The orc warrior is heavily wounded.
The orc warrior hits you with a +0 glaive!
You barely miss the orc warrior.
The orc warrior is heavily wounded.
The orc warrior hits you with a +0 glaive!!
* * * LOW HITPOINT WARNING * * *
The orc warrior hits you from afar with a +0 glaive!
You die...

#.......$...
#...........
#...........
#........... .
##...........
..####....<.......
.......?..........
..................
.......)@#+##.....
..(......†o.......
..................
..................
..................
...###########...
##. ## #


You could see an orc warrior.

Vanquished Creatures
  Edmund (D:4)
  2 ogres
  2 centaurs (D:5)
  5 wights (D:5)
  2 howler monkeys (D:4)
  3 vampire bats
  4 crimson imps (D:3)
  2 hounds
  A gnoll shaman (D:4)
  2 orc wizards (D:4)
  An orc priest (D:6)
  2 worker ants (D:4)
  6 gnolls (D:4)
  6 adders
  2 shadow imps (D:5)
  A white imp (D:4)
  2 oozes
  An adder skeleton (D:5)
  3 worms
  A dart slug (D:2)
  3 fire bats (D:4)
  A leopard gecko (D:2)
  6 orcs
  2 spectral bats (D:4)
  3 ball pythons
  3 bat skeletons (D:4)
  5 bat zombies
  4 giant cockroaches
  5 goblins
  7 hobgoblins
  8 jackals
  A quokka (D:2)
  13 bats
  A bat simulacrum (D:4)
  8 frilled lizards
  A jackal skeleton (D:5)
  7 kobolds
  3 rats (D:1)
130 creatures vanquished.

Notes
Turn   | Place    | Note
-------+----------+-------------------------------------------
     0 | D:1      | nicanaca0 the Gargoyle Fighter began the quest for the Orb.
     0 | D:1      | Reached XP level 1. HP: 14/14 MP: 1/1
   155 | D:1      | Reached XP level 2. HP: 19/19 MP: 2/2
   924 | D:2      | Reached XP level 3. HP: 22/23 MP: 3/3
  1011 | D:2      | Reached skill level 3 in Maces & Flails
  1103 | D:2      | Reached XP level 4. HP: 29/29 MP: 4/4
  1621 | D:2      | Found a white marble altar of Elyvilon.
  1989 | D:2      | Found a radiant altar of Vehumet.
  2220 | D:3      | Found a shimmering altar of Xom.
  2276 | D:3      | Reached XP level 5. HP: 19/33 MP: 5/5
  2393 | D:3      | Reached skill level 4 in Maces & Flails
  2869 | D:3      | Reached XP level 6. HP: 35/39 MP: 6/6
  3451 | D:4      | Noticed Edmund
  3467 | D:4      | Killed Edmund
  3473 | D:4      | Reached XP level 7. HP: 30/44 MP: 7/7
  3676 | D:4      | Reached skill level 5 in Fighting
  3676 | D:4      | Reached skill level 5 in Maces & Flails
  3789 | D:4      | Reached skill level 5 in Shields
  3790 | D:4      | Reached skill level 5 in Armour
  4136 | D:4      | Found an iron altar of Okawaru.
  4301 | D:4      | Reached XP level 8. HP: 48/50 MP: 8/8
  4640 | D:5      | Entered Level 5 of the Dungeon
  4720 | D:5      | Reached skill level 6 in Maces & Flails
  5060 | D:4      | Became a worshipper of Warmaster Okawaru
  5099 | D:5      | Found a sparkling altar of Nemelex Xobeh.
  5223 | D:5      | Found a sacrificial altar of Ru.
  5340 | D:5      | Found an ancient bone altar of Kikubaaqudgha.
  5489 | D:5      | Found a runed translucent door.
  5491 | D:5      | Found a runed translucent gate.
  5492 | D:5      | Found a runed translucent gate.
  5500 | D:5      | Found a runed translucent door.
  5502 | D:5      | Found the +9 staff of Olgreb {rPois∞}
  5521 | D:5      | Found a runed translucent gate.
  5758 | D:5      | Reached skill level 7 in Maces & Flails
  5807 | D:6      | Slain by an orc warrior

Illustrated notes

Levels and vault maps discovered:
D:1:      heliophobic_arrival_ceremonial_halls, layout_basic, minmay_unequal
D:2:      layout_loops_corners, elyvilon_altar_1, marbit_many_paths,
          grunt_decor_mini_mirrors, nrook_mini_vaults
D:3:      layout_loops_corners, minivault_25, nrook_loot_triangle, led_xom_imps
D:4:      layout_cave_pods, nicolae_overflow_hidden_temple, goddamned_bats,
          uniq_edmund
D:5:      layout_loops_cross, lemuel_coloured_pillars_altar,
          kennysheep_vampire_church, nicolae_ru_path_of_blood,
          minmay_guarded_unrand_staff_of_olgreb
D:6:      layout_basic, nicolae_tso_swordbearing_angel, nicolae_benzene_ring,
          minmay_starry_boxes

Skill      XL: |  1  2  3  4  5  6  7  8 |
---------------+-------------------------+-----
Maces & Flails | 3 4 5 7 |  7.0
Fighting       | 4 5 6 |  6.2
Armour         | 4 5 6 |  6.1
Shields        | 4 5 6 |  6.1

Action                   |  1- 3 |  4- 6 |  7- 9 || total
-------------------------+-------+-------+-------++-------
Melee: Flail             |   101 |   232 |   300 ||   633
  Use: Scroll            |       |     6 |       ||     6
       Potion            |       |     1 |       ||     1
Armor: Scale mail        |    64 |       |       ||    64
       Chain mail        |     5 |   165 |   278 ||   448
Dodge: Dodged            |    31 |    62 |   104 ||   197
Block: Kite shield       |    61 |   145 |   223 ||   429

Table legend: (Time is in decaauts)
 A = Elapsed time spent in this place.
 B = Non-inter-level travel time spent in this place.
 C = Inter-level travel time spent in this place.
 D = Time resting spent in this place.
 E = Time spent auto-exploring this place.
 F = Levels seen in this place.
 G = Mean time per level.
                   A        B        C        D        E       F      G
               +--------+--------+--------+--------+--------+-----+--------+
         Total |   5961 |   5761 |    200 |    178 |   4312 |   6 |  993.5 |
       Dungeon |   5961 |   5761 |    200 |    178 |   4312 |   6 |  993.5 |
               +--------+--------+--------+--------+--------+-----+--------+

Top non-repeatable levels by time:
     D:4: 1408 daAuts
     D:3: 1296 daAuts
     D:2: 1156 daAuts
     D:5: 1130 daAuts
     D:1: 936 daAuts
     D:6: 33 daAuts
